 Dungeon Crawl Stone Soup version 0.22-a0-539-gfbd9004e3f (webtiles) character file.

50 Deemzul the Insei (level 3, -2/23 HPs)
             Began as an Octopode Transmuter on June 24, 2018.
             Slain by a goblin
             ... wielding a +0 club
              (4 damage)
             ... on level 2 of the Dungeon.
             The game lasted 00:01:30 (1077 turns).

Deemzul the Insei (Octopode Transmuter)             Turns: 1077, Time: 00:01:31

Health: -2/23      AC:  1    Str:  9    XL:     3   Next: 79%
Magic:  1/6        EV: 13    Int: 15    God:
Gold:   55         SH:  0    Dex: 13    Spells: 3/6 levels left

rFire    . . .     SeeInvis .     - Unarmed
rCold    . . .     Gourm    .   (no shield)
rNeg     . . .     Faith    .   (helmet restricted)
rPois    .         Spirit   .   (no amulet)
rElec    .         Reflect  .   (no ring)
rCorr    .         Harm     .   (no ring)
MR       .....                  (no ring)
Stlth    +++.......             (no ring)
HPRegen  0.07/turn              (no ring)
MPRegen  0.10/turn              (no ring)
                                (no ring)
                                (no ring)

@: no status effects
A: almost no armour, stealthy swim, amphibious, 8 rings, constrict 8, camouflage
1, gelatinous body 1
a: no special abilities


You were on level 2 of the Dungeon.
You were hungry.

You visited 1 branch of the dungeon, and saw 2 of its levels.

You collected 55 gold pieces.

Inventory:

Missiles
 a - 62 arrows
Jewellery
 g - an uncursed amulet of the gourmand {unknown}
Scrolls
 b - 2 scrolls of fog {unknown}
 d - a scroll of teleportation {unknown}
 e - a scroll of immolation {unknown}
 f - a scroll of identify {unknown}
 h - 2 scrolls of remove curse {unknown}
 i - a scroll of fear {unknown}
Comestibles
 c - 2 rations


   Skills:
 + Level 1.3 Fighting
 + Level 2.3 Dodging
 * Level 2.2 Stealth
 * Level 3.4 Unarmed Combat
 + Level 2.2 Spellcasting
 + Level 2.2 Transmutations


You had 3 spell levels left.
You knew the following spells:

 Your Spells              Type           Power        Failure   Level  Hunger
a - Beastly Appendage     Tmut           #.....       9%          1    #......
b - Sticks to Snakes      Tmut           #.......     13%         2    ###....

Your spell library contained the following spells:

 Spells                   Type           Power        Failure   Level  Hunger
 Spider Form              Tmut/Pois      #.........   38%         3    ###....
 Blade Hands              Tmut           #.........   93%         5    ######.
 Ice Form                 Ice/Tmut       #.......     80%         4    #####..


Dungeon Overview and Level Annotations

Branches:
Dungeon (2/15)

Altars:
Hepliaklqana


Innate Abilities, Weirdness & Mutations

You cannot wear most types of armour.
You are very stealthy in the water. (Stealth+)
You are amphibious.
You can wear up to eight rings at the same time.
You can use your tentacles to constrict eight enemies at once.
Your skin changes colour to match your surroundings (Stealth+).
Your rubbery body absorbs attacks. (AC +1, EV +1)


Message History

You swap places.
Your ball python barely misses the worm.
Your ball python closely misses the worm.
The worm bites your ball python.
Your ball python dies!
The worm bites you!
* * * LOW HITPOINT WARNING * * *
You tentacle-slap the worm but do no damage.
You grab the worm.
The worm is heavily wounded.
You constrict the worm. You tentacle-slap the worm.
The worm is severely wounded.
You constrict the worm. The worm misses you.
You tentacle-slap the worm.
You kill the worm!
You tentacle-slap the goblin. Your grab misses the goblin.
The goblin is moderately wounded.
The goblin hits you with a club.
You die...

####'#### #.#.#
#.# #g#
#.#.####.#####
#.#
#.............
#w#
#.###########.
#.# #.# #.# #.#
#.# #.#
#.############.#
#........g@....#
################


You could see a goblin.

Vanquished Creatures
  An ooze (D:1)
  3 worms (D:2)
  2 dart slugs (D:1)
  2 leopard geckos (D:2)
  2 bats
  2 giant cockroaches
  6 goblins
  A hobgoblin (D:1)
  A ball python (D:1)
  7 frilled lizards
  4 kobolds
  4 rats
35 creatures vanquished.

Notes
Turn   | Place    | Note
-------+----------+-------------------------------------------
     0 | D:1      | Deemzul the Octopode Transmuter began the quest for the Orb.
     0 | D:1      | Reached XP level 1. HP: 13/13 MP: 3/3
   153 | D:1      | Reached skill level 1 in Stealth
   153 | D:1      | Reached XP level 2. HP: 11/18 MP: 5/5
   479 | D:1      | Reached XP level 3. HP: 23/23 MP: 4/6
   642 | D:2      | Noticed a sky beast
   644 | D:2      | Found a hazy altar of Hepliaklqana.
   944 | D:2      | Learned a level 2 spell: Sticks to Snakes
  1077 | D:2      | Slain by a goblin

Vault maps used:
D:1:      shiori_arrival_elements, minmay_misc_feat_rows
D:2:      gammafunk_temple_overflow_arena, marbit_many_paths,
          grunt_temple_overflow_diamond, uniq_terence

Skill      XL: |  1  2  3 |
---------------+----------+-----
Stealth        | 1 2 |  2.2
Fighting       | |  1.3
Dodging        | |  2.3
Unarmed Combat | |  3.4
Spellcasting   | |  2.2
Transmutations | |  2.2

Action                   || total
-------------------------++-------
Melee: Unarmed           ||    68
       Constrict         ||    22
       Punch             ||     4
       Tentacles         ||    11
       Kick              ||     3
 Cast: Beastly Appendage ||     5
       Sticks to Snakes  ||     4
 Stab: Sleeping          ||     9
Armor: Skin              ||    10
Dodge: Dodged            ||    33

Table legend:
 A = Spawn XP
 B = Non-spawn XP
 C = Spawn XP percentage of total XP
 D = Spawn monster count
 E = Non-spawn monster count
 F = Spawn count percentage of total count
 G = Total turns spent on level
                    A         B        C        D         E        F      G
               +---------+---------+-------+---------+---------+-------+---------
         Total |       0 |      72 |   0.0 |       0 |      35 |   0.0 |  1077
               +---------+---------+-------+---------+---------+-------+---------
           D:1 |       0 |      39 |   0.0 |       0 |      19 |   0.0 |   639
           D:2 |       0 |      33 |   0.0 |       0 |      16 |   0.0 |   438
               +---------+---------+-------+---------+---------+-------+---------
